 Dungeon Crawl Stone Soup version 0.28-a0-1227-ga9037bb4c8 (webtiles) character file.

Game seed: 8405484416548569204

73 oldriver the Skirmisher (level 4, 0/38 HPs)
             Began as a Formicid Abyssal Knight on Dec 23, 2021.
             Was a Follower of Lugonu.
             Slain by a gnoll (5 damage)
             ... on level 2 of the Dungeon.
             The game lasted 00:02:39 (2603 turns).

oldriver the Skirmisher (Formicid Abyssal Knight)   Turns: 2603, Time: 00:02:40

Health: 0/38       AC:  3    Str: 20    XL:     4   Next: 51%
Magic:  5/5        EV: 11    Int:  9    God:    Lugonu [*.....]
Gold:   109        SH:  0    Dex: 11    Spells: 3/3 levels left

rFire   . . .      SeeInvis +   a - +1 short sword
rCold   . . .      Faith    .   (no shield)
rNeg    . . .      Spirit   .   b - +0 leather armour
rPois   .          Reflect  .   (helmet unavailable)
rElec   .          Harm     .   (no cloak)
rCorr   .          Rampage  .   (no gloves)
Will    .....                   (no boots)
Stlth   +.........              (no amulet)
HPRegen 0.12/turn               (no ring)
MPRegen 0.09/turn               (no ring)

@: no status effects
A: permanent stasis, dig shafts and tunnels, antennae 3, four strong arms
a: Dig, Shaft Self, Renounce Religion, Depart the Abyss


You were on level 2 of the Dungeon.
You worshipped Lugonu.
Lugonu was aware of your devotion.
You visited 1 branch of the dungeon, and saw 2 of its levels.
You visited the Abyss 1 time.

You collected 109 gold pieces.

Inventory:

Hand Weapons
 a - a +1 short sword (weapon)
Armour
 b - a +0 leather armour (worn)
Scrolls
 c - 2 scrolls of enchant armour {unknown}
 f - 2 scrolls of identify {unknown}
 g - a scroll of acquirement {unknown}


   Skills:
 * Level 4.8 Fighting
 - Level 2.1 Short Blades
 + Level 2.7 Armour
 + Level 1.4 Dodging
 - Level 2.3 Invocations


You had 3 spell levels left.
You didn't know any spells.
Your spell library was empty.

Dungeon Overview and Level Annotations

Branches:
Dungeon (2/15)

Altars:
Zin


Innate Abilities, Weirdness & Mutations

You cannot be hasted, slowed, berserked, paralysed or teleported.
You can dig through walls and to a lower floor.
You have a pair of large antennae on your head. (SInv)
Your four strong arms can wield two-handed weapons with a shield.


Message History

The gnoll closely misses you. The gnoll hits you with a +0 whip.
You closely miss the gnoll.
The gnoll is moderately wounded.
The gnoll hits you with a +0 whip. x2
You closely miss the gnoll.
The gnoll is moderately wounded.
The gnoll barely misses you.
You hit the gnoll.
The gnoll is moderately wounded.
The gnoll barely misses you. The gnoll hits you with a +0 whip.
You barely miss the gnoll.
The gnoll is moderately wounded.
The gnoll closely misses you. The gnoll barely misses you. x2
You hit the gnoll.
The gnoll is heavily wounded.
The gnoll barely misses you. The gnoll hits you with a +0 club!
The gnoll hits you but does no damage.
You are too injured to fight recklessly!
You are too injured to fight recklessly!
You are too injured to fight recklessly!
You are too injured to fight recklessly!
You are too injured to fight recklessly!
You are too injured to fight recklessly!
You are too injured to fight recklessly!
You are too injured to fight recklessly!
You are too injured to fight recklessly!
You are too injured to fight recklessly!
You are too injured to fight recklessly!
You are too injured to fight recklessly!
You are too injured to fight recklessly!
You are too injured to fight recklessly!
You are too injured to fight recklessly!
You are too injured to fight recklessly!
The gnoll hits you with a +0 whip!
* * * LOW HITPOINT WARNING * * *
The gnoll hits you with a +0 whip!
* * * LOW HITPOINT WARNING * * *
It was a potion of magic.
Magic courses through your body. The gnoll hits you with a +0 whip.
You die...

.#.........#
#...##...##..
.#.#.#+#####
#...'...>....
.#.#.#
#...####.#...
.###.#
#........... .#
#.#
###g#######. .#
#.# #.# .# .#
#g###### .#
#g#....# <#
#@#....# ##
#.#....#
#######......#
#............#
#..........###
#..........#
#..#..........#
#..#..........#
#
#..#..........#


You could see 3 gnolls.

Vanquished Creatures
  A gnoll (D:1)
  2 adders (D:2)
  A dart slug (D:1)
  4 ball pythons (D:1)
  5 bats
  3 endoplasms
  A giant cockroach (D:1)
  7 goblins
  3 hobgoblins (D:1)
  2 jackals (D:1)
  A kobold (D:1)
  2 quokkas (D:1)
  8 rats
40 creatures vanquished.

Notes
Turn   | Place    | Note
-------+----------+-------------------------------------------
     0 | Abyss:1  | oldriver the Formicid Abyssal Knight began the quest for
                  | the Orb.
     0 | Abyss:1  | Reached XP level 1. HP: 18/18 MP: 2/2
   175 | Abyss:1  | Noticed an iron imp
   195 | Abyss:1  | Noticed a large abomination
   196 | D:1      | Escaped the Abyss
   322 | D:1      | Reached XP level 2. HP: 24/24 MP: 3/3
   527 | D:1      | Reached * piety under Lugonu
   670 | D:1      | Reached skill level 4 in Fighting
   670 | D:1      | Reached skill level 1 in Dodging
   811 | D:1      | Reached XP level 3. HP: 23/30 MP: 4/4
  1575 | D:1      | Found a faded altar of an unknown god.
  1783 | D:2      | Found a glowing silver altar of Zin.
  1833 | D:2      | Reached XP level 4. HP: 18/38 MP: 5/5
  2603 | D:2      | Slain by a gnoll

Illustrated notes

Levels and vault maps discovered:
D:1:      nicolae_arrival_memento_mori, layout_basic,
          shapermc_ecumenical_altar_mp_urbaneastern,
          chequers_serial_rivers_room_a, nrook_campfire,
          amcnicky_mini_rare_corridor_liquid
D:2:      layout_basic, basic_altar, kennysheep_crisscross,
          lightli_corner_chamber

Skill      XL: |  1  2 |
---------------+-------+-----
Fighting       | 4 |  4.8
Dodging        | 1 |  1.4
Short Blades   | |  2.1
Armour         | |  2.7
Invocations    | |  2.3

Action                   |  1- 3 |  4- 6 || total
-------------------------+-------+-------++-------
Melee: Short sword       |   124 |    32 ||   156
Invok: Depart the Abyss  |     1 |       ||     1
  Use: Scroll            |     1 |       ||     1
       Potion            |       |     1 ||     1
Armor: Leather armour    |    43 |     4 ||    47
Dodge: Dodged            |    83 |    18 ||   101

Table legend: (Time is in decaauts)
 A = Elapsed time spent in this place.
 B = Non-inter-level travel time spent in this place.
 C = Inter-level travel time spent in this place.
 D = Time resting spent in this place.
 E = Time spent auto-exploring this place.
 F = Levels seen in this place.
 G = Mean time per level.
                   A        B        C        D        E       F      G
               +--------+--------+--------+--------+--------+-----+--------+
         Total |   2603 |   2522 |     81 |    518 |   1517 |   3 |  867.7 |
       Dungeon |   2407 |   2326 |     81 |    518 |   1460 |   2 | 1203.5 |
         Abyss |    196 |    196 |      0 |      0 |     57 |   1 |  196.0 |
               +--------+--------+--------+--------+--------+-----+--------+

Top non-repeatable levels by time:
     D:1: 1781 daAuts
     D:2: 625 daAuts
 Abyss:1: 196 daAuts
